cohdb
Replays
Latest Replays
All Replays
Popular Replays
Top Player Replays
Match Explorer
How It Works
Community
CoH3 Stats
Reddit
Sign in to upload your games and track your stats! →
Sign in with Steam
Match 42834554
Unlisted
Match 42834554
Overview
Messages
Build Orders
End
Engineer Squad
Construct Barracks
1⁄4-ton 4x4 Truck
Riflemen Squad
Riflemen Squad
Infantry Support Center
Construct Weapon Support Center
Construct Medical Station
M1919 Machine Gun Team
M3 Armored Personnel Carrier
Selects Heavy Weapons
Selects Assault Carriers
Selects Exchangeable Parts
Riflemen Squad
M1918 Browning Automatic Rifles
Grenade Package
Selects M2HB .50cal Heavy Machine Gun
M3 Assault Carrier
Riflemen Squad
M3 Assault Carrier
Construct Tank Depot
Bazooka Squad
Bazooka Squad
Bazooka Squad
Bananenratte
Nico-Nico-Nii~~
82eAeroporte
John Matrix
0
0
Comments
sign in to comment!
No comments posted yet!